 Dungeon Crawl Stone Soup version 0.27-a0-1456-gf5a116941d (webtiles) character file.

Game seed: 1131792802275402461

100 funkygono the Vexing (level 4, 0/34 HPs)
             Began as a Gnoll Arcane Marksman on July 7, 2021.
             Slain by an orc (6 damage)
             ... on level 2 of the Dungeon.
             The game lasted 00:04:57 (1890 turns).

funkygono the Vexing (Gnoll Arcane Marksman)        Turns: 1890, Time: 00:04:57

Health: 0/34       AC:  4    Str: 11    XL:     4   Next: 74%
Magic:  7/8        EV: 13    Int: 12    God:
Gold:   78         SH:  0    Dex: 12    Spells: 5/9 levels left

rFire    . . .     SeeInvis .   a - +0 whip (elec)
rCold    . . .     Faith    .   (no shield)
rNeg     . . .     Spirit   .   e - +1 leather armour
rPois    .         Reflect  .   (no helmet)
rElec    .         Harm     .   (no cloak)
rCorr    .         Rampage  .   (no gloves)
Will     .....                  (no boots)
Stlth    +.........             (no amulet)
HPRegen  0.11/turn              (no ring)
MPRegen  0.11/turn              (no ring)

@: no status effects
A: fangs 1, strong nose, distributed training
a: no special abilities


You were on level 2 of the Dungeon.
You visited 1 branch of the dungeon, and saw 3 of its levels.

You collected 78 gold pieces.

Inventory:

Hand Weapons
 a - a +0 whip of electrocution (weapon)
 b - a +1 hand crossbow
Missiles
 c - 4 bolts
Armour
 d - a +0 robe
 e - a +1 leather armour (worn)
Potions
 f - a potion of might
 h - a potion of curing
 i - a potion of haste
 k - a potion of attraction
 l - a potion of mutation {unknown}
 o - a potion of cancellation {unknown}
 q - a potion of heal wounds {unknown}


   Skills:
 + Level 2.8 Fighting
 + Level 1.2 Short Blades
 + Level 1.2 Long Blades
 + Level 1.2 Axes
 + Level 1.2 Maces & Flails
 + Level 1.2 Polearms
 + Level 1.2 Staves
 + Level 1.2 Slings
 + Level 1.2 Bows
 + Level 4.7 Crossbows
 + Level 1.2 Throwing
 + Level 1.2 Armour
 + Level 4.7 Dodging
 + Level 1.2 Stealth
 + Level 1.2 Shields
 + Level 1.2 Unarmed Combat
 + Level 3.0 Spellcasting
 + Level 1.0 Conjurations
 + Level 5.5 Hexes
 + Level 1.0 Summonings
 + Level 1.0 Necromancy
 + Level 1.0 Translocations
 + Level 1.0 Transmutations
 + Level 1.0 Fire Magic
 + Level 1.0 Ice Magic
 + Level 1.0 Air Magic
 + Level 1.0 Earth Magic
 + Level 1.0 Poison Magic
 + Level 1.3 Invocations
 + Level 1.2 Evocations


You had 5 spell levels left.
You knew the following spells:

 Your Spells              Type           Power      Damage    Failure   Level
a - Corona                Hex            16%        N/A       3%          1
b - Slow                  Hex            15%        N/A       4%          2
c - Magic Dart            Conj           16%        1d3       22%         1

Your spell library contained the following spells:

 Spells                   Type           Power      Damage    Failure   Level
 Inner Flame              Hex/Fire       9%         N/A       26%         3
 Portal Projectile        Hex/Tloc       18%        N/A       26%         3
 Call Imp                 Summ           4%         N/A       32%         2
 Cause Fear               Hex            7%         N/A       32%         4
 Mephitic Cloud           Conj/Pois/Air  4%         N/A       54%         3


Dungeon Overview and Level Annotations

Branches:
Dungeon (3/15)

Altars:
Beogh


Innate Abilities, Weirdness & Mutations

You have very sharp teeth.
Your uncanny sense of smell can sniff out nearby items.
Your experience applies equally to all skills.


Message History

Things that are here:
a +0 club; an orc corpse Your +0 whip of electrocution stops crackling.
b - a +1 hand crossbow (weapon)
There is a stone staircase leading down here.
You hear the crackle of electricity.
a - a +0 whip of electrocution (weapon)
You climb downwards.
The orc hits you with a +0 flail. The orc closely misses you.
There is a stone staircase leading up here.
Magic restored.
The orc hits you with a +0 hand axe. The orc hits you with a +0 flail.
The orc hits you with a +0 short sword.
You climb upwards.
There is a stone staircase leading down here.
Unknown command.
Casting: Corona (safe; 3% risk of failure)
Confirm with . or Enter, or press ? or * to list all spells.
Aiming: Corona (safe; 3% risk of failure)
Press: ? - help, Shift-Dir - straight line, f - orc
Aim: an orc, wielding a +0 hand axe (chance to affect: 69%)
The orc barely resists.
The orc closely misses you. The orc barely misses you.
The orc hits you with a +0 short sword.
Unknown command.
The orc hits you with a +0 hand axe. The orc closely misses you.
The orc barely misses you.
Casting: Corona (safe; 3% risk of failure)
Confirm with . or Enter, or press ? or * to list all spells.
Aiming: Corona (safe; 3% risk of failure)
Press: ? - help, Shift-Dir - straight line, f/p - orc
Aim: an orc, wielding a +0 hand axe (chance to affect: 69%)
The orc is outlined in light.
You hit the orc.
The orc is heavily wounded.
The orc hits you with a +0 hand axe.
You hit the orc.
The orc is severely wounded.
The orc hits you with a +0 hand axe.
* * * LOW HITPOINT WARNING * * *
The orc hits you with a +0 hand axe.
You die...

#. ###### #. .....# ###### #.
.....## #....# #. ......# #....#
#. ......# #....####' #.....#
#.........
#.....##################.........
+.....'.........@ooo............>
#.....################.#.###.....
#.....# #.#.###.....
....########## #.#.....####
....'........# #.......#
....#######..# #.......#
....####.....# #.......#
............## #.......#
............## #....####


You could see 3 orcs.

Vanquished Creatures
  An orc wizard (D:3)
  An adder (D:2)
  A worm (D:2)
  3 dart slugs
  An orc (D:2)
  6 endoplasms
  2 giant cockroaches (D:1)
  A goblin (D:1)
  3 hobgoblins
  8 jackals
  2 quokkas (D:2)
  8 ball pythons
  3 bats
  A frilled lizard (D:2)
  4 kobolds
  3 rats
48 creatures vanquished.

Notes
Turn   | Place    | Note
-------+----------+-------------------------------------------
     0 | D:1      | funkygono the Gnoll Arcane Marksman began the quest for the
                  | Orb.
     0 | D:1      | Reached XP level 1. HP: 17/17 MP: 4/4
   246 | D:1      | Reached XP level 2. HP: 23/23 MP: 3/5
   327 | D:1      | Learned a level 2 spell: Slow
   593 | D:1      | Reached XP level 3. HP: 28/28 MP: 5/7
   668 | D:1      | Found a faded altar of an unknown god.
  1194 | D:2      | Reached skill level 1 in Invocations
  1379 | D:2      | Reached skill level 1 in Short Blades
  1379 | D:2      | Reached skill level 1 in Long Blades
  1379 | D:2      | Reached skill level 1 in Axes
  1379 | D:2      | Reached skill level 1 in Maces & Flails
  1379 | D:2      | Reached skill level 1 in Polearms
  1379 | D:2      | Reached skill level 1 in Staves
  1379 | D:2      | Reached skill level 1 in Slings
  1379 | D:2      | Reached skill level 1 in Bows
  1379 | D:2      | Reached skill level 1 in Throwing
  1379 | D:2      | Reached skill level 1 in Armour
  1379 | D:2      | Reached skill level 1 in Stealth
  1379 | D:2      | Reached skill level 1 in Shields
  1379 | D:2      | Reached skill level 1 in Unarmed Combat
  1379 | D:2      | Reached skill level 1 in Evocations
  1485 | D:2      | Reached XP level 4. HP: 34/34 MP: 6/8
  1830 | D:2      | Learned a level 1 spell: Magic Dart
  1857 | D:3      | Reached skill level 1 in Conjurations
  1857 | D:3      | Reached skill level 1 in Summonings
  1857 | D:3      | Reached skill level 1 in Necromancy
  1857 | D:3      | Reached skill level 1 in Translocations
  1857 | D:3      | Reached skill level 1 in Transmutations
  1857 | D:3      | Reached skill level 1 in Fire Magic
  1857 | D:3      | Reached skill level 1 in Ice Magic
  1857 | D:3      | Reached skill level 1 in Air Magic
  1857 | D:3      | Reached skill level 1 in Earth Magic
  1857 | D:3      | Reached skill level 1 in Poison Magic
  1890 | D:2      | Slain by an orc

Illustrated notes

Levels and vault maps discovered:
D:1:      dpeg_arrival_line_fractal, layout_loops_ring,
          hellmonk_ecumenical_altar_defaced_shrine, serial_bayou_pond_e,
          minivault_19
D:2:      layout_basic
D:3:      layout_basic, minivault_5

Skill      XL: |  1  2  3  4 |
---------------+-------------+-----
Invocations    | 1 |  1.3
Short Blades   | 1 |  1.2
Long Blades    | 1 |  1.2
Axes           | 1 |  1.2
Maces & Flails | 1 |  1.2
Polearms       | 1 |  1.2
Staves         | 1 |  1.2
Slings         | 1 |  1.2
Bows           | 1 |  1.2
Throwing       | 1 |  1.2
Armour         | 1 |  1.2
Stealth        | 1 |  1.2
Shields        | 1 |  1.2
Unarmed Combat | 1 |  1.2
Evocations     | 1 |  1.2
Spellcasting   | 3 |  3.0
Conjurations   | 1 |  1.0
Summonings     | 1 |  1.0
Necromancy     | 1 |  1.0
Translocations | 1 |  1.0
Transmutations | 1 |  1.0
Fire Magic     | 1 |  1.0
Ice Magic      | 1 |  1.0
Air Magic      | 1 |  1.0
Earth Magic    | 1 |  1.0
Poison Magic   | 1 |  1.0
Fighting       | |  2.8
Crossbows      | |  4.7
Dodging        | |  4.7
Hexes          | |  5.5

Action                   |  1- 3 |  4- 6 || total
-------------------------+-------+-------++-------
Melee: Whip              |    26 |     4 ||    30
 Fire: Hand crossbow     |    62 |     8 ||    70
 Cast: Corona            |    35 |     7 ||    42
  Use: Scroll            |     4 |     6 ||    10
Armor: Robe              |    10 |       ||    10
Dodge: Dodged            |    27 |     6 ||    33

Table legend: (Time is in decaauts)
 A = Elapsed time spent in this place.
 B = Non-inter-level travel time spent in this place.
 C = Inter-level travel time spent in this place.
 D = Time resting spent in this place.
 E = Time spent auto-exploring this place.
 F = Levels seen in this place.
 G = Mean time per level.
                   A        B        C        D        E       F      G
               +--------+--------+--------+--------+--------+-----+--------+
         Total |   1905 |   1866 |     39 |      0 |   1516 |   3 |  635.0 |
       Dungeon |   1905 |   1866 |     39 |      0 |   1516 |   3 |  635.0 |
               +--------+--------+--------+--------+--------+-----+--------+

Top non-repeatable levels by time:
     D:1: 1198 daAuts
     D:2: 695 daAuts
     D:3: 11 daAuts
